AoeStats
← Irri

Nomad

509303056Analyzed
2v2 RM · 7d ago on Sep 26, 2026· 44m 7s· 4 players
Game mode
Random Map
Map size
176×176
Population
200
Speed
Normal
Resources
Standard
Victory
Conquest
Starting age
Dark Age
Ending age
Imperial Age
RankedLock teamsTeams togetherTeam positionsShared explorationLock speedFull tech treeHidden civsTurbo modeCheats
Victory
Defeat
🇩🇪 Burmese · Germany
1092
+26
🇩🇪 Celts · Germany
1059
+16
🇲🇾 Koreans · Malaysia
1095
-16
🇦🇺 Spanish · Australia
1041
-15
Amo
5:41 Loom
12:53 Feudal Age
17:21 Castle Age
23:31 Horse Collar
23:57 Padded Archer Armor
23:50 Fletching
24:18 Heavy Plow
25:03 Wheelbarrow
26:54 Gold Mining
28:37 Bodkin Arrow
31:51 Imperial Age
30:35 Padded Archer Armor
31:45 Ballistics
32:33 Husbandry
32:44 Bloodlines
33:32 Parthian Tactics
33:41 Conscription
34:54 Gold Shaft Mining
34:11 Stone Mining
35:49 Chemistry
35:58 Elite Arambai
37:43 Crop Rotation
37:34 Bracer
40:20 Masonry
40:06 Murder Holes
Eisemania
6:40 Loom
12:36 Feudal Age
18:06 Castle Age
16:28 Stone Mining
18:57 Double-Bit Axe
23:15 Scale Mail Armor
24:03 Horse Collar
33:04 Town Watch
33:57 Wheelbarrow
36:33 Gold Mining
40:50 Imperial Age
39:06 Hand Cart
41:55 Bow Saw
42:57 Chain Mail Armor
44:28 Gold Shaft Mining
44:35 Heavy Plow
Irri
5:12 Loom
14:14 Feudal Age
19:11 Castle Age
17:26 Double-Bit Axe
22:39 Gold Mining
22:40 Stone Mining
24:08 Bow Saw
26:19 Wheelbarrow
27:31 Bloodlines
30:12 Horse Collar
30:39 Fishing Lines
35:48 Imperial Age
33:45 Heavy Plow
34:33 Stone Shaft Mining
34:10 Fletching
34:43 Ballistics
34:39 Inquisition
35:02 Fervor
35:03 Scale Barding Armor
35:49 Padded Archer Armor
36:50 Conscription
36:31 Bodkin Arrow
36:57 Chain Barding Armor
37:08 Hand Cart
37:45 Elite Skirmisher
39:58 Two-Man Saw
39:24 Leather Archer Armor
38:55 Heavy Mounted Crossbowman
39:42 Thumb Ring
40:15 Bracer
42:21 Ring Archer Armor
44:11 Plate Barding Armor
说中文
4:39 Loom
15:17 Feudal Age
19:33 Castle Age
17:36 Double-Bit Axe
17:40 Horse Collar
19:14 Town Watch
35:15 Imperial Age
32:59 Fletching
34:33 Bow Saw
34:29 Bodkin Arrow
36:27 Ballistics
36:22 Stone Mining
36:22 Gold Mining
39:13 Gold Shaft Mining
39:14 Stone Shaft Mining
40:29 Conscription
41:30 Two-Man Saw
42:25 Chemistry
41:14 Elite War Wagon
42:42 Bracer
Connection lost

Rejoining the realm…

Still unreachable

The connection could not be restored.

Session expired

The server has moved on; the page needs a fresh start.